 Dungeon Crawl Stone Soup version 0.28-a0-948-gee6e0bcda6 (webtiles) character file.

Game seed: 647083432708991473

34 BinkBink the Ruffian (level 3, 0/31 HPs)
             Began as a Ghoul Monk on Nov 30, 2021.
             Was a Priest of Sif Muna.
             Slain by a gnoll (6 damage)
             ... on level 2 of the Dungeon.
             The game lasted 00:01:29 (1152 turns).

BinkBink the Ruffian (Ghoul Monk)                   Turns: 1152, Time: 00:01:29

Health: 0/31       AC:  2    Str: 14    XL:     3   Next: 31%
Magic:  2/2        EV: 12    Int:  6    God:    Sif Muna [***...]
Gold:   37         SH:  0    Dex: 11    Spells: 2/2 levels left

rFire   + . .      SeeInvis .     - Unarmed
rCold   + + .      Faith    .   (no shield)
rNeg    + + +      Spirit   .   a - +0 robe
rPois   ∞          Reflect  .   (no helmet)
rElec   .          Harm     .   b - scarf {rC+ rF+}
rCorr   .          Rampage  .   (no gloves)
Will    .....                   (no boots)
Stlth   ++........              (no amulet)
HPRegen 0.00/turn               (no ring)
MPRegen 0.08/turn               (no ring)

@: inhibited regen
A: claws 1, cold resistance 1, negative energy resistance 3, inhibited
regeneration, torment resistance 2
a: Renounce Religion, Channel Magic, Forget Spell


You were on level 2 of the Dungeon.
You worshipped Sif Muna.
Sif Muna was most pleased with you.
You visited 1 branch of the dungeon, and saw 2 of its levels.

You collected 37 gold pieces.

Inventory:

Armour
 a - a +0 robe (worn)
 b - a scarf of resistance (worn)
Scrolls
 d - a scroll of holy word {unknown}
 e - a scroll of identify {unknown}
 g - a scroll of noise {unknown}
Potions
 c - 3 potions of curing {unknown}
 f - a potion of cancellation {unknown}


   Skills:
 + Level 3.5 Fighting
 * Level 0.8 Armour
 + Level 3.0 Dodging
 - Level 2.1 Stealth
 + Level 3.8 Unarmed Combat
 * Level 0.4 Spellcasting


You had 2 spell levels left.
You didn't know any spells.
Your spell library was empty.

Dungeon Overview and Level Annotations

Branches:
Dungeon (2/15)

Altars:
Sif Muna


Innate Abilities, Weirdness & Mutations

You thrive by killing the living.
You are immune to poison.
You have sharp fingernails.
Your flesh is cold resistant. (rC+)
You are immune to negative energy. (rN+++)
You do not regenerate when monsters are visible.
You are immune to unholy pain and torment.


Message History

A ball python comes into view.
The ball python hisses angrily.
The hobgoblin shouts!
You scratch the hobgoblin but do no damage.
The hobgoblin closely misses you.
You closely miss the hobgoblin. The hobgoblin barely misses you.
You scratch the ball python.
You kill the ball python!
Sif Muna accepts your kill. The hobgoblin hits you.
You scratch the hobgoblin.
The hobgoblin is heavily wounded.
The hobgoblin closely misses you.
You claw the hobgoblin!
You kill the hobgoblin!
Sif Muna accepts your kill.
No target in view!
No target in view!
Found a stone staircase leading up and a stone staircase leading down.
A gnoll comes into view. It is wielding a +0 flail.
The gnoll shouts!
You hear a shout!
The gnoll throws a throwing net.
The throwing net misses you.
You see here a throwing net.
A gnoll is nearby!
A gnoll is nearby!
A gnoll comes into view. It is wielding a +0 club.
The gnoll shouts!
A giant cockroach comes into view.
A gnoll comes into view. It is wielding a +0 whip.
The gnoll shouts!
The gnoll hits you with a +0 flail! The gnoll hits you with a +0 club.
You scratch the gnoll.
The gnoll is lightly wounded.
The giant cockroach closely misses you. The gnoll hits you with a +0 club.
The giant cockroach bites you.
You claw the gnoll!
The gnoll is severely wounded.
The gnoll hits you with a +0 flail!
* * * LOW HITPOINT WARNING * * *
The gnoll hits you with a +0 club.
You die...

............)..
#.............
#............
###...........
#####.....####..#.
#####.......#...###...
.##.....###.####........
......B####(###...>...)†
......g@....##..#.......
......gg....#..#........
............#.##........
.............<##........
.##...#....>####........
####......# #........
#.###### ##....... ..
#........ #........


You could see 3 gnolls and a giant cockroach.

Vanquished Creatures
  3 endoplasms
  3 giant cockroaches (D:1)
  7 goblins
  2 hobgoblins
  3 kobolds
  4 quokkas
  3 ball pythons
  A bat (D:1)
  A frilled lizard (D:1)
  A rat (D:1)
28 creatures vanquished.

Notes
Turn   | Place    | Note
-------+----------+-------------------------------------------
     0 | D:1      | BinkBink the Ghoul Monk began the quest for the Orb.
     0 | D:1      | Reached XP level 1. HP: 19/19 MP: 0/0
   102 | D:1      | Found a faded altar of an unknown god.
   135 | D:1      | Prayed at the altar of an unknown god.
   135 | D:1      | Became a worshipper of Sif Muna the Loreminder
   135 | D:1      | Reached * piety under Sif Muna
   135 | D:1      | Reached ** piety under Sif Muna
   205 | D:1      | Reached XP level 2. HP: 26/26 MP: 1/1
   495 | D:1      | Reached *** piety under Sif Muna
   740 | D:1      | Reached XP level 3. HP: 31/31 MP: 2/2
  1152 | D:2      | Slain by a gnoll

Illustrated notes

Levels and vault maps discovered:
D:1:      noname_arrival_rooms_in_the_neighbourhood, layout_basic,
          basic_ecumenical_altar
D:2:      layout_rooms, basic_altar

Skill      XL: |  1  2  3 |
---------------+----------+-----
Dodging        | 3 |  3.0
Fighting       | |  3.5
Armour         | |  0.8
Stealth        | |  2.1
Unarmed Combat | |  3.8
Spellcasting   | |  0.4

Action                   || total
-------------------------++-------
Melee: Unarmed           ||    59
 Stab: Sleeping          ||     6
Armor: Robe              ||    10
Dodge: Dodged            ||    37

Table legend: (Time is in decaauts)
 A = Elapsed time spent in this place.
 B = Non-inter-level travel time spent in this place.
 C = Inter-level travel time spent in this place.
 D = Time resting spent in this place.
 E = Time spent auto-exploring this place.
 F = Levels seen in this place.
 G = Mean time per level.
                   A        B        C        D        E       F      G
               +--------+--------+--------+--------+--------+-----+--------+
         Total |   1148 |   1114 |     34 |      0 |    907 |   2 |  574.0 |
       Dungeon |   1148 |   1114 |     34 |      0 |    907 |   2 |  574.0 |
               +--------+--------+--------+--------+--------+-----+--------+

Top non-repeatable levels by time:
     D:1: 968 daAuts
     D:2: 179 daAuts
